 Dungeon Crawl Stone Soup version 0.30.1-11-g7821555f0a (webtiles) character file.

Game seed: 14019079199730627722

1993 Ekaitz the Zephyrmancer (level 9, -1/51 HPs)
             Began as a Tengu Air Elementalist on Dec 21, 2023.
             Was a Follower of Vehumet.
             Slain by a gnoll
             ... wielding a +0 halberd
              (11 damage)
             ... on level 8 of the Dungeon.
             The game lasted 00:12:01 (8171 turns).

Ekaitz the Zephyrmancer (Tengu Air Elementalist)    Turns: 8171, Time: 00:12:02

Health: -1/51      AC:  2    Str: 10    XL:     9   Next: 21%
Magic:  13/16      EV: 17    Int: 17    God:    Vehumet [*.....]
Gold:   450        SH:  0    Dex: 16    Spells: 7/17 levels left

rFire   . . .        e - +0 dagger
rCold   + + .        (no shield)
rNeg    . . .        J - +0 robe {rC+}
rPois   .            (helmet restricted)
rElec   .            (no cloak)
rCorr   .            (no gloves)
SInv    .            (boots unavailable)
Will    .....        M - amulet of magic regeneration
Stlth   ++           l - ring of wizardry
HPRegen 0.28/turn    L - ring of protection from cold
MPRegen 0.55/turn

%: wizardry (x1)
@: flying quickly and evasively, quick
A: beak, talons 3, nimble flight, claws 1, MP-powered wands
a: Renounce Religion


You were on level 8 of the Dungeon.
You worshipped Vehumet.
Vehumet was aware of your devotion.
You visited 2 branches of the dungeon, and saw 9 of its levels.

You collected 450 gold pieces.

Inventory:

Hand Weapons
 a - a +0 scythe
 e - a +0 dagger (weapon)
 y - a +0 mace of protection
 C - the +11 Singing Sword {sonic wave}
   (You found it on level 4 of the Dungeon)
 K - a +1 whip of venom
Missiles
 F - 5 poisoned darts
Armour
 J - a +0 robe of cold resistance (worn)
Jewellery
 l - a ring of wizardry (left claw)
 n - a +6 ring of strength
 L - a ring of protection from cold (right claw)
 M - an amulet of magic regeneration (around neck)
Wands
 t - a wand of flame (12)
 A - a wand of roots (3)
 I - a wand of digging (6)
Scrolls
 f - 9 scrolls of teleportation {unknown}
 g - 2 scrolls of silence {unknown}
 h - a scroll of noise {unknown}
 i - 10 scrolls of identify {unknown}
 m - 2 scrolls of brand weapon {unknown}
 o - a scroll of amnesia {unknown}
 p - a scroll of torment {unknown}
 q - a scroll of poison {unknown}
 w - a scroll of blinking {unknown}
 z - a scroll of fear {unknown}
 B - 2 scrolls of magic mapping {unknown}
 D - a scroll of enchant armour {unknown}
 G - a scroll of vulnerability {unknown}
Potions
 b - a potion of magic
 c - a potion of mutation
 d - 2 potions of degeneration {unknown}
 j - 3 potions of haste
 k - a potion of cancellation {unknown}
 r - a potion of attraction {unknown}
 s - a potion of heal wounds
 u - 2 potions of brilliance {unknown}
 v - a potion of lignification {unknown}
 x - a potion of curing
 E - 2 potions of experience {unknown}
 H - a potion of resistance {unknown}


   Skills:
 * Level 3.3 Fighting
 + Level 0.2 Short Blades
 + Level 0.4 Maces & Flails
 * Level 4.7 Dodging
 + Level 3.1 Stealth
 + Level 4.5 Spellcasting
 * Level 5.7 Conjurations
 * Level 3.9 Summonings
 * Level 10.2 Air Magic


You had 7 spell levels left.
You knew the following spells:

 Your Spells              Type           Power      Damage    Failure   Level
a - Shock                 Conj/Air       100%       1d9       1%          1
b - Static Discharge      Conj/Air       62%        2-5/arc   1%          2
c - Swiftness             Air            38%        N/A       1%          3
d - Airstrike             Air            19%        2d(3-19)  1%          4

Your spell library contained the following spells:

 Spells                   Type           Power      Damage    Failure   Level
 Sandblast                Erth           6%         2d5       6%          1
 Magic Dart               Conj           92%        1d7       1%          1
 Searing Ray              Conj           46%        2d6       1%          2
 Iskenderun's Battlesphe  Conj           23%        2d8       16%         5
 Ozocubu's Armour         Ice            3%         N/A       17%         3
 Fulminant Prism          Conj/Hex       6%         3d7       17%         4
 Summon Ice Beast         Ice/Summ       10%        N/A       26%         4
 Summon Mana Viper        Hex/Summ       10%        N/A       56%         5
 Iron Shot                Conj/Erth      6%         9d2       93%         6
 Spellforged Servitor     Conj/Summ      10%        N/A       99%         7
 Ozocubu's Refrigeration  Ice            1%         4d7       100%        7
 Dragon's Call            Summ           8%         N/A       100%        9


Dungeon Overview and Level Annotations

Branches:
Dungeon (8/15)             Temple (1/1) D:6
   Lair: D:8-11

Altars:
Ashenzari
Cheibriados
Dithmenos
Elyvilon
Fedhas
Gozag
Hepliaklqana
Kikubaaqudgha
Nemelex Xobeh
Qazlal
Ru
Sif Muna
Vehumet
Wu Jian
Xom
Zin
The Shining One


Innate Abilities, Weirdness & Mutations

You have a beak for a mouth.
You have claws for feet.
Your magical nature lets you fly swiftly and evasively.
You have sharp fingernails.
You expend magic power (3 MP) to strengthen your wands.


Message History

* * * LOW HITPOINT WARNING * * *
The centaur shoots an arrow.
The arrow barely misses you.
Unknown command.
Casting: Static Discharge (safe; 1% risk of failure)
Confirm with . or Enter, or press ? or * to list all spells.
The gnoll is struck by an arc of lightning.
The gnoll is severely wounded.
The centaur is struck by an arc of lightning.
The centaur is severely wounded.
The gnoll is struck by an arc of lightning.
The gnoll is moderately wounded.
The centaur is struck by an arc of lightning.
You kill the centaur!
Vehumet accepts your kill.
The gnoll is struck by an arc of lightning.
The gnoll is severely wounded.
The lightning grounds out.
Unknown command.
Casting: Static Discharge (safe; 1% risk of failure)
Confirm with . or Enter, or press ? or * to list all spells.
The gnoll is struck by an arc of lightning.
The gnoll is almost dead.
You are struck by an arc of lightning.
* * * LOW HITPOINT WARNING * * *
The gnoll is struck by an arc of lightning.
You kill the gnoll!
Vehumet accepts your kill.
You are struck by an arc of lightning.
* * * LOW HITPOINT WARNING * * *
The lightning grounds out.
The gnoll barely misses you.
Found a stone staircase leading up.
Found a stone staircase leading up.
An orc priest and an orc come into view.
Found a stone staircase leading down.
There is a shaft here.
The gnoll closely misses you.
You hit the gnoll but do no damage. You peck the gnoll.
The gnoll is severely wounded.
The gnoll hits you with a +0 halberd!
You die...

.............^.....>
....................
...........^.......o
..........^[.^.....o
............^......#
........^........###
...)..)).^..........
.....)†<.#g.^..#.#
..........#@....<#
...######.#.###.###
. ............<....
.#######..###.###
#.## #.# ###


You could see a gnoll.

Vanquished Creatures
  Sigmund (D:6)
  Eustachio (D:6)
  A black bear (D:6)
  An ogre (D:7)
  2 centaurs
  A phantom (D:6)
  A bullfrog (D:8)
  4 scorpions
  3 killer bees (D:7)
  4 electric eels (D:7)
  2 hounds (D:7)
  An orc priest (D:7)
  2 jellies (D:5)
  2 sleepcaps
  5 iguanas
  5 orc wizards
  3 gnolls (D:8)
  9 adders
  3 shadow imps
  A worm (D:2)
  6 dart slugs
  13 orcs
  7 ball pythons
  16 bats
  13 endoplasms
  2 giant cockroaches (D:3)
  5 hobgoblins
  5 quokkas
  6 frilled lizards
  8 goblins
  6 kobolds
  6 rats
145 creatures vanquished.

Notes
Turn   | Place    | Note
-------+----------+-------------------------------------------
     0 | D:1      | Ekaitz the Tengu Air Elementalist began the quest for the
                  | Orb.
     0 | D:1      | Reached XP level 1. HP: 10/10 MP: 4/4
   258 | D:1      | Reached XP level 2. HP: 15/15 MP: 4/6
   264 | D:1      | Learned a level 2 spell: Static Discharge
   686 | D:1      | Reached XP level 3. HP: 9/19 MP: 3/7
   690 | D:1      | Learned a level 3 spell: Swiftness
  1031 | D:2      | Reached skill level 5 in Air Magic
  1074 | D:2      | Got the Codex of the Band
  1079 | D:2      | Found a faded altar of an unknown god.
  1533 | D:2      | Reached XP level 4. HP: 24/24 MP: 6/8
  2542 | D:3      | Found a snail-covered altar of Cheibriados.
  3179 | D:4      | Reached skill level 1 in Summonings
  3277 | D:4      | Found a glowing golden altar of the Shining One.
  3277 | D:4      | Found a shadowy altar of Dithmenos.
  3303 | D:4      | Reached skill level 1 in Fighting
  3536 | D:4      | Noticed a scorpion
  3546 | D:4      | Gained mutation: Your magical nature lets you fly swiftly
                  | and evasively. [Tengu growth]
  3546 | D:4      | Reached XP level 5. HP: 29/29 MP: 3/9
  4018 | D:4      | Reached XP level 6. HP: 34/34 MP: 9/11
  4023 | D:4      | Learned a level 4 spell: Airstrike
  4124 | D:4      | Found the +11 Singing Sword {sonic wave}
  4253 | D:5      | Entered Level 5 of the Dungeon
  4578 | D:5      | Reached skill level 6 in Air Magic
  4861 | D:5      | Reached XP level 7. HP: 39/39 MP: 6/12
  5596 | D:6      | Reached skill level 7 in Air Magic
  5842 | D:6      | Noticed Sigmund
  5844 | D:6      | Killed Sigmund
  5970 | D:6      | Noticed Eustachio
  5974 | D:6      | Killed Eustachio
  5975 | D:6      | Reached XP level 8. HP: 45/45 MP: 0/14
  6103 | D:6      | Reached skill level 5 in Conjurations
  6277 | D:6      | Reached skill level 8 in Air Magic
  6623 | D:6      | Found a staircase to the Ecumenical Temple.
  6638 | Temple   | Entered the Ecumenical Temple
  6729 | Temple   | Became a worshipper of Vehumet
  7183 | D:7      | Gained mutation: You expend magic power (3 MP) to
                  | strengthen your wands. [potion of mutation]
  7183 | D:7      | Gained mutation: You have sharp fingernails. [potion of
                  | mutation]
  7187 | D:7      | Reached skill level 9 in Air Magic
  7194 | D:7      | HP: 1/46 [killer bee (5)]
  7395 | D:7      | Reached * piety under Vehumet
  7395 | D:7      | Offered knowledge of Sandblast by Vehumet.
  7614 | D:7      | Reached XP level 9. HP: 51/51 MP: 11/16
  8005 | D:7      | Reached skill level 10 in Air Magic
  8171 | D:8      | Slain by a gnoll

Illustrated notes

Levels and vault maps discovered:
D:1:      minmay_arrival_split_and_join, layout_rooms, fountainhead
D:2:      layout_loops_ring, ebering_ecumenical_altar_petrified,
          serial_park_tiny_pond
D:3:      layout_basic, mainiacjoe_overflow_six_doors_small, serial_forest,
          infiniplex_forest_fountain, infiniplex_forest_lined_3,
          infiniplex_forest_clump_large, infiniplex_forest_lined_room_3,
          infiniplex_forest_zigzag_2, infiniplex_forest_clump_C,
          infiniplex_forest_clump_long, infiniplex_forest_corner_2
D:4:      old_forge, layout_cave_pools, jmf_multi_god_temple
D:5:      layout_basic
D:6:      layout_gridville, lemuel_temple_firewalk_a, uniq_eustachio,
          uniq_sigmund
D:7:      layout_loops_ring, serial_bayou_lagoon_b
D:8:      layout_rooms, mainiacjoe_overflow_small_starburst,
          erik_lair_orcish_takeover, minmay_holes
Temple:   nicolae_temple_great_sept

Skill      XL: |  1  2  3  4  5  6  7  8  9 |
---------------+----------------------------+-----
Conjurations   | 2 3 4 5 |  5.7
Air Magic      | 5 6 7 9 10 | 10.2
Summonings     | 1 2 3 |  3.9
Fighting       | 1 2 3 |  3.3
Dodging        | 3 4 |  4.7
Spellcasting   | 3 4 |  4.5
Stealth        | 3 |  3.1
Short Blades   | |  0.2
Maces & Flails | |  0.4

Action                     |  1- 3 |  4- 6 |  7- 9 || total
---------------------------+-------+-------+-------++-------
  Melee: Dagger            |    10 |    16 |    25 ||    51
         Kick              |     2 |     3 |     8 ||    13
         Punch             |       |     1 |       ||     1
         Mace              |       |     9 |     3 ||    12
         Peck              |       |     1 |     3 ||     4
   Cast: Shock             |    73 |    88 |    95 ||   256
         Static Discharge  |       |    11 |    17 ||    28
         Airstrike         |       |     2 |    19 ||    21
    Use: Potion            |       |       |     6 ||     6
   Stab: Sleeping          |     3 |     7 |     1 ||    11
 Armour: Robe              |     3 |     8 |     1 ||    12
  Dodge: Dodged            |    12 |    31 |    60 ||   103
